[Event "January 9 Late 2024"]
[Site "https://www.chess.com"]
[Date "2024.01.09"]
[Round "7"]
[White "Troff, Kayden"]
[Black "Yoo, Christopher Woojin"]
[Result "0-1"]
[Board "26"]
[TimeControl "180+1"]
[WhiteFideId "2047896"]
[BlackFideId "30909694"]
[WhiteElo "2835"]
[BlackElo "2978"]
[WhiteTeam "USA"]
[BlackTeam "USA"]
[WhiteClock "0:00:04"]
[BlackClock "0:00:02"]

1. d4 Nf6 2. Nf3 g6 3. Bg5 Bg7 4. Nc3 d6 5. e4 h6 6. Bxf6 Bxf6 7. e5 Bg7 8. Bc4 O-O 9. h3 Nc6 10. Qe2 dxe5 11. dxe5 Nd4 12. Nxd4 Qxd4 13. e6 f5 14. O-O c6 15. Rad1 Qc5 16. h4 h5 17. Bb3 b5 18. Rd3 a5 19. a3 Ba6 20. Rg3 b4 21. Na4 Bxe2 22. Nxc5 Bxf1 23. Kxf1 Kh7 24. Nd7 Rfc8 25. c3 bxc3 26. bxc3 Rc7 27. Ba4 Raa7 28. Rd3 c5 29. Nb6 c4 30. Rd7 Bxc3 31. Nd5 Rcb7 32. Nxc3 Kg7 33. Nd5 c3 34. Nxc3 Kf6 35. Rd3 Kxe6 36. Nb5 Ra6 37. Rc3 Kf6 38. g3 Re6 39. Nc7 Re5 40. Ne8+ Kf7 41. Nc7 Kf6 42. Be8 Rb8 43. Rc6+ e6 44. Bd7 Ke7 45. Bxe6 Rd8 46. Bc4 Rd6 47. Rxd6 Kxd6 48. Na6 Re4 49. Bb5 a4 50. Nb4 Kc5 51. Bxa4 Rd4 52. Bc2 Rc4 53. Ke2 Rc3 54. Nd3+ Kd4 55. Kd2 Rxa3 56. Nf4 Ra6 57. Ke2 Ke5 58. Bd3 Rc6 59. Ke3 Kf6 60. Nd5+ Kg7 61. Kd4 Rd6 62. Ke5 Rc6 63. Bb5 Rc1 64. Nf4 Re1+ 65. Kd4 Re4+ 66. Kd3 Re1 67. Kd2 Re5 68. Bd3 Kf6 69. Ng2 Kg7 70. Ne3 Rc5 71. Ke2 Kf6 72. Kf3 Ra5 73. Kf4 Ra4+ 74. Kf3 Rd4 75. Bc4 Kg7 76. Bb3 Rb4 77. Be6 Ra4 78. Bc4 Kf6 79. Kf4 Kg7 80. Kg5 Rb4 81. Bd3 Ra4 82. Nc2 Rg4# 0-1

[Event "January 9 Late 2024"]
[Site "https://www.chess.com"]
[Date "2024.01.09"]
[Round "7"]
[White "Rustemov, Alexander"]
[Black "Fressinet, Laurent"]
[Result "0-1"]
[Board "27"]
[TimeControl "180+1"]
[WhiteFideId "4119002"]
[BlackFideId "608742"]
[WhiteElo "2819"]
[BlackElo "2967"]
[WhiteTeam "RUS"]
[BlackTeam "FRA"]
[WhiteClock "0:00:01"]
[BlackClock "0:00:07"]

1. d4 Nf6 2. c4 e5 3. dxe5 Ne4 4. Nf3 Nc6 5. Qc2 d5 6. a3 Be6 7. e3 f5 8. b4 Qd7 9. Bb2 O-O-O 10. c5 f4 11. exf4 Qf7 12. Bb5 Ne7 13. Nd4 Nf5 14. Nxe6 Qxe6 15. O-O g5 16. fxg5 Rg8 17. Nd2 Nxg5 18. Kh1 Nh4 19. Rg1 Bh6 20. f4 Nh3 21. gxh3 Qxh3 22. Qd3 Qe6 23. Raf1 Rxg1+ 24. Rxg1 Bxf4 25. Nf3 Qh3 26. Qf1 Qxf3+ 27. Qxf3 Nxf3 28. Rf1 Bxe5 29. Rxf3 Bxb2 30. Rh3 c6 31. Be2 Re8 32. Bg4+ Kb8 33. a4 Re7 34. Bf5 a6 35. b5 axb5 36. axb5 cxb5 37. Rb3 Bd4 38. Rxb5 Kc7 39. Kg2 Kc6 40. Rb1 Bxc5 41. h4 h6 42. h5 Re5 43. Bg6 d4 44. Kf3 b5 45. Be4+ Kb6 46. Bg6 b4 47. Kf4 Re3 48. Kf5 b3 49. Kf6 Bd6 50. Kg7 Bf4 51. Bf7 Kc5 52. Rxb3 d3 53. Rb1 Bg5 54. Rd1 Kd4 55. Bg6 Kc3 56. Kf7 d2 57. Kg7 Re1 58. Rxd2 Kxd2 59. Kf7 Ke3 60. Kg7 Kf2 61. Kf7 Kg3 62. Bf5 Kf4 63. Bg6 Re7+ 64. Kf8 Ke5 65. Kg8 Kf6 66. Kh8 Rc7 67. Kg8 Rc8+ 68. Kh7 Ke5 69. Kg7 Bf6+ 70. Kf7 Rc7+ 71. Kg8 Ke6 72. Kf8 Rc8+ 73. Be8 Rb8 74. Kg8 Rxe8+ 75. Kh7 Bg5 76. Kg6 Ke5 77. Kh7 Re6 78. Kg7 Kf4 79. Kf7 Rf6+ 80. Kg7 Kg4 0-1

[Event "January 9 Late 2024"]
[Site "https://www.chess.com"]
[Date "2024.01.09"]
[Round "7"]
[White "Svane, Frederik"]
[Black "Korchmar, Vasiliy"]
[Result "1-0"]
[Board "28"]
[TimeControl "180+1"]
[WhiteFideId "12923044"]
[BlackFideId "24131750"]
[WhiteElo "2954"]
[BlackElo "2753"]
[WhiteTeam "GER"]
[BlackTeam "RUS"]
[WhiteClock "0:00:04"]
[BlackClock "0:00:00"]

1. e4 c5 2. Nf3 d6 3. Bb5+ Bd7 4. c4 Nc6 5. Nc3 Nf6 6. O-O g6 7. d4 cxd4 8. Nxd4 Bg7 9. h3 O-O 10. Be3 a6 11. Bxc6 bxc6 12. Nf3 Qb8 13. Qc2 a5 14. Rad1 c5 15. e5 Bf5 16. Qe2 Ne4 17. Nd5 Re8 18. g4 Be6 19. Bc1 f5 20. exf6 Bxd5 21. fxg7 Bc6 22. Rfe1 Qb7 23. Ng5 Nxg5 24. Bxg5 Bh1 25. f4 e5 26. Qf2 exf4 27. Bxf4 Kxg7 28. Bxd6 Bf3 29. Rd3 Rxe1+ 30. Qxe1 Be4 31. Re3 Re8 32. Bxc5 h5 33. Bd4+ Kh7 34. Qh4 Qd7 35. Qf6 1-0

[Event "January 9 Late 2024"]
[Site "https://www.chess.com"]
[Date "2024.01.09"]
[Round "7"]
[White "Kozak, Antoni"]
[Black "Nguyen, Ngoc Truong Son"]
[Result "0-1"]
[Board "29"]
[TimeControl "180+1"]
[WhiteFideId "21832030"]
[BlackFideId "12401110"]
[WhiteElo "2770"]
[BlackElo "2946"]
[WhiteTeam "POL"]
[BlackTeam "VIE"]
[WhiteClock "0:01:08"]
[BlackClock "0:00:23"]

1. e4 c5 2. Nf3 Nc6 3. g3 g6 4. Bg2 Bg7 5. O-O Nf6 6. Re1 O-O 7. c3 d5 8. e5 Ne8 9. d4 Bg4 10. Be3 cxd4 11. cxd4 Qb6 12. Qd2 f6 13. Nc3 Rd8 14. exf6 Nxf6 15. Ne5 Nxe5 16. dxe5 d4 17. exf6 dxe3 18. Qxe3 Qxe3 19. Rxe3 Bxf6 20. Bxb7 Bd4 21. Rxe7 Rxf2 22. Re4 Rxb2+ 23. Rxd4 Rxd4 24. Bd5+ Kg7 25. Re1 Rc2 26. Re7+ Kf8 27. Rf7+ Ke8 28. Rc7 Rdd2 29. Kf1 Rc1+ 0-1

[Event "January 9 Late 2024"]
[Site "https://www.chess.com"]
[Date "2024.01.09"]
[Round "7"]
[White "Vestby-Ellingsen, Mads"]
[Black "Smirnov, Anton"]
[Result "0-1"]
[Board "30"]
[TimeControl "180+1"]
[WhiteFideId "1520857"]
[BlackFideId "3208923"]
[WhiteElo "2674"]
[BlackElo "2928"]
[WhiteTeam "NOR"]
[BlackTeam "AUS"]
[WhiteClock "0:00:00"]
[BlackClock "0:00:28"]

1. e4 c5 2. Nf3 d6 3. d4 cxd4 4. Nxd4 Nf6 5. Nc3 a6 6. Rg1 g6 7. g4 Bg7 8. g5 Nfd7 9. Be3 b5 10. h4 Bb7 11. h5 Nc6 12. h6 Bxd4 13. Bxd4 Nde5 14. Be2 O-O 15. f4 Nd7 16. Be3 b4 17. Na4 Rc8 18. Qd2 Qa5 19. b3 Nc5 20. Nxc5 dxc5 21. Qc1 Nd4 22. Qb2 Rfd8 23. Bd3 e5 24. Kf2 Qc7 25. f5 a5 26. Rad1 a4 27. c3 bxc3 28. Qxc3 axb3 29. axb3 gxf5 30. Bc4 f4 31. Bxd4 exd4 32. Qd3 Kh8 33. g6 fxg6 34. e5 Qe7 35. Rde1 f3 36. Rg3 Rf8 37. b4 Qh4 38. bxc5 Qh2+ 39. Kf1 Qxg3 40. Re2 fxe2+ 41. Kxe2 Rf2+ 0-1

[Event "January 9 Late 2024"]
[Site "https://www.chess.com"]
[Date "2024.01.09"]
[Round "7"]
[White "Msellek, Ilyass"]
[Black "Carlsen, Magnus"]
[Result "0-1"]
[Board "31"]
[TimeControl "180+1"]
[WhiteFideId "675938"]
[BlackFideId "1503014"]
[WhiteElo "2681"]
[BlackElo "3359"]
[WhiteTeam "MAR"]
[BlackTeam "NOR"]
[WhiteClock "0:00:00"]
[BlackClock "0:01:03"]

1. d4 Nf6 2. c4 b5 3. cxb5 c5 4. b6 axb6 5. Nf3 e6 6. Nc3 Bb7 7. Bf4 Bxf3 8. exf3 cxd4 9. Qxd4 Nc6 10. Qd2 Bb4 11. Bd6 Bxd6 12. Qxd6 Qe7 13. Qd2 O-O 14. Bb5 Rfc8 15. O-O h6 16. Rfe1 Qc5 17. a3 Nd4 18. Qd3 Nxb5 19. Nxb5 Qc2 20. Qd4 Rc5 21. a4 Nd5 22. Nd6 Rc6 23. Ne4 Rc4 24. Qe5 Rcxa4 25. Rac1 Qb3 26. Qd6 Qxb2 27. Qxd7 Ra1 28. Rc8+ Kh7 29. Rf1 Rxf1+ 30. Kxf1 Ra1+ 0-1

[Event "January 9 Late 2024"]
[Site "https://www.chess.com"]
[Date "2024.01.09"]
[Round "7"]
[White "Makarian, Rudik"]
[Black "Kleiman, Jake"]
[Result "1-0"]
[Board "32"]
[TimeControl "180+1"]
[WhiteFideId "44105681"]
[BlackFideId "2020041"]
[WhiteElo "3067"]
[BlackElo "2673"]
[WhiteTeam "FID"]
[BlackTeam "USA"]
[WhiteClock "0:01:30"]
[BlackClock "0:00:16"]

1. e4 e5 2. Nf3 Nc6 3. Bc4 Bc5 4. c3 Nf6 5. d3 O-O 6. O-O d5 7. exd5 Nxd5 8. Re1 Bg4 9. h3 Bh5 10. Nbd2 Nb6 11. Bb3 Qxd3 12. Nxe5 Qf5 13. Nef3 Bg6 14. Qe2 Rad8 15. Nh4 Qd3 16. Nxg6 Qxe2 17. Rxe2 hxg6 18. Nf3 Rfe8 19. Rxe8+ Rxe8 20. Kf1 Na5 21. Bc2 Nac4 22. b3 Ne5 23. Nxe5 Rxe5 24. Bf4 Re7 25. Rd1 Kf8 26. Rd8+ Re8 27. Rxe8+ Kxe8 28. Bxc7 Nd5 29. Be5 f6 30. Bxg6+ Ke7 31. Be4 fxe5 32. Bxd5 b6 33. Be4 a5 34. Ke2 Ba3 35. h4 Bc1 36. g3 Kd6 37. g4 Bf4 38. g5 Bc1 39. Kf3 Bd2 40. c4 Ke6 41. Kg4 Bc1 42. Kh5 Kf7 43. Bd5+ Kf8 44. Kg6 Bf4 45. h5 e4 46. Bxe4 Be5 47. Bd5 Ke7 48. Kf5 Bd4 49. f4 Bc3 50. Kg6 Kf8 51. f5 Ke7 52. h6 gxh6 53. Kxh6 Bd2 54. Kg6 Be3 55. f6+ Kf8 56. Kf5 1-0

[Event "January 9 Late 2024"]
[Site "https://www.chess.com"]
[Date "2024.01.09"]
[Round "7"]
[White "Shankland, Sam"]
[Black "Sherman, Raem"]
[Result "1-0"]
[Board "33"]
[TimeControl "180+1"]
[WhiteFideId "2004887"]
[BlackFideId "2822288"]
[WhiteElo "2961"]
[BlackElo "2666"]
[WhiteTeam "USA"]
[BlackTeam "ISR"]
[WhiteClock "0:00:32"]
[BlackClock "0:00:09"]

1. e4 e6 2. d4 d5 3. Nd2 c5 4. exd5 Qxd5 5. Ngf3 cxd4 6. Bc4 Qd6 7. O-O Nf6 8. Nb3 Nc6 9. Nbxd4 Nxd4 10. Nxd4 Be7 11. Re1 O-O 12. b3 a6 13. a4 Qc7 14. Qf3 Rd8 15. Bb2 Bd7 16. Nf5 Bc6 17. Nxe7+ Qxe7 18. Qg3 b5 19. axb5 axb5 20. Bd3 Ne8 21. h4 Qc5 22. Rxa8 Rxa8 23. Re5 Qd6 24. Kh2 b4 25. h5 h6 26. Bc1 f6 27. Re2 Qxg3+ 28. Kxg3 e5 29. Bd2 Rb8 30. f4 exf4+ 31. Bxf4 Rb7 32. Bg6 Kf8 33. Rxe8+ Bxe8 34. Bd6+ Kg8 35. Bxe8 Rb6 36. Bc5 Rb8 37. Bg6 Rb5 38. Be3 Kh8 39. Kf2 Rd5 40. Ke2 f5 41. Bd2 Re5+ 42. Kf3 Rb5 43. Kf4 Rd5 44. Be3 Kg8 45. Bxf5 Rb5 46. g4 Kh8 47. Ke4 Rb7 48. Kd5 Re7 49. Bc5 Rb7 50. Kc4 Rc7 51. Kxb4 Rb7+ 52. Kc4 Rb8 53. b4 g5 54. b5 Kg7 55. b6 Kf6 56. Kb5 Ke5 57. c4 Kf6 58. Bd6 Rd8 59. c5 Kf7 60. b7 Kg7 61. b8=Q Rxb8+ 62. Bxb8 Kh8 63. c6 Kg7 64. c7 Kh8 65. c8=Q+ Kg7 66. Be5+ Kf7 67. Qd7+ Kg8 68. Be6+ Kf8 69. Bd6# 1-0

[Event "January 9 Late 2024"]
[Site "https://www.chess.com"]
[Date "2024.01.09"]
[Round "7"]
[White "Sun, Rick"]
[Black "Ibarra Jerez, Jose Carlos"]
[Result "0-1"]
[Board "34"]
[TimeControl "180+1"]
[WhiteFideId "30909481"]
[BlackFideId "2226332"]
[WhiteElo "2651"]
[BlackElo "2912"]
[WhiteTeam "USA"]
[BlackTeam "ESP"]
[WhiteClock "0:00:08"]
[BlackClock "0:00:13"]

1. d4 Nf6 2. Nc3 d5 3. Bf4 c5 4. e3 cxd4 5. exd4 Bg4 6. Be2 Bxe2 7. Ngxe2 Nc6 8. Qd3 e6 9. O-O-O Rc8 10. Kb1 a6 11. f3 Na5 12. g4 Nc4 13. g5 Nd7 14. Bc1 b5 15. Nf4 Bd6 16. g6 hxg6 17. Nxe6 fxe6 18. Qxg6+ Kf8 19. Qxe6 Nf6 20. Nxd5 Qd7 21. Qxd7 Nxd7 22. h4 Kf7 23. Bg5 Rhe8 24. h5 Re6 25. f4 Ndb6 26. Nxb6 Nxb6 27. Rd2 Rce8 28. c3 Nc4 29. Rf2 Re2 30. Rhh2 Re1+ 31. Kc2 Ne3+ 32. Kd2 Ng4 33. Re2 Rb1 34. Rhg2 Rxb2+ 35. Kd3 Rexe2 36. Rxe2 Rxe2 37. Kxe2 Ke6 38. Kf3 Kf5 39. Bd8 Nh6 40. Bg5 Nf7 41. Bh4 Bxf4 42. Be1 Ng5+ 43. Ke2 Ke4 44. Bf2 Ne6 45. Be1 Nc7 46. Bf2 Nd5 47. h6 gxh6 48. Be1 h5 49. a4 Bg5 50. c4 bxc4 51. Bf2 c3 52. Kd1 Kd3 53. Be3 c2+ 54. Kc1 Bxe3+ 55. Kb2 c1=Q+ 56. Kb3 Qc2+ 57. Ka3 Bc1# 0-1

[Event "January 9 Late 2024"]
[Site "https://www.chess.com"]
[Date "2024.01.09"]
[Round "7"]
[White "Grigoriants, Sergey"]
[Black "Goryachkina, Aleksandra"]
[Result "0-1"]
[Board "35"]
[TimeControl "180+1"]
[WhiteFideId "4130804"]
[BlackFideId "4147103"]
[WhiteElo "2888"]
[BlackElo "2647"]
[WhiteTeam "HUN"]
[BlackTeam "FID"]
[WhiteClock "0:00:00"]
[BlackClock "0:00:05"]

1. e4 c5 2. Nf3 e6 3. c3 d5 4. e5 Nc6 5. d4 Nge7 6. Na3 Bd7 7. Nc2 Qa5 8. a3 Ng6 9. Bd3 c4 10. Be2 Be7 11. h4 h6 12. h5 Nf8 13. O-O g6 14. Nh2 O-O-O 15. Bf4 gxh5 16. Bxh5 Ng6 17. Bg3 Rdg8 18. Ng4 Nh4 19. Nf6 Bxf6 20. exf6 Nf5 21. Bh2 Nh4 22. Ne3 Qd8 23. Bxf7 Rf8 24. Bh5 Qxf6 25. Bg4 Rhg8 26. Kh1 h5 27. Bh3 Qg5 28. Qe2 Ne7 29. f4 Qf6 30. f5 Nhxf5 31. Nxf5 Nxf5 32. Bxf5 exf5 33. Rae1 b6 34. Qf3 Bc6 35. Qf4 Kb7 36. Re7+ Qxe7 0-1

[Event "January 9 Late 2024"]
[Site "https://www.chess.com"]
[Date "2024.01.09"]
[Round "7"]
[White "Kuzubov, Yuriy"]
[Black "Lizak, Peter"]
[Result "1-0"]
[Board "36"]
[TimeControl "180+1"]
[WhiteFideId "14112906"]
[BlackFideId "731595"]
[WhiteElo "2881"]
[BlackElo "2638"]
[WhiteTeam "UKR"]
[BlackTeam "HUN"]
[WhiteClock "0:00:49"]
[BlackClock "0:00:10"]

1. d4 Nf6 2. Nf3 c5 3. e3 d5 4. Bd3 Nc6 5. O-O cxd4 6. exd4 Bg4 7. c3 e6 8. Nbd2 Bd6 9. Re1 O-O 10. Nf1 Qc7 11. Ng3 e5 12. dxe5 Nxe5 13. Be2 Bxf3 14. Bxf3 Nxf3+ 15. Qxf3 Bxg3 16. Qxg3 Qxg3 17. hxg3 Rfe8 18. Be3 a6 19. f3 Re6 20. Kf2 Rae8 21. Rad1 h5 22. a4 g6 23. Rd3 Re5 24. Re2 Rf5 25. Bd4 Re6 26. Ke1 Kf8 27. Rde3 Rxe3 28. Rxe3 Nd7 29. b4 g5 30. Kd2 g4 31. f4 h4 32. gxh4 Rxf4 33. Ke2 Nf6 34. g3 Rf5 35. Re5 Rf3 36. Re3 Rf5 37. Bxf6 Rxf6 38. Rd3 Rc6 39. Ke3 Ke7 40. Kf4 Rc4+ 41. Kf5 Kd6 42. h5 Rc8 43. Kxg4 Rg8+ 44. Kf5 Rh8 45. g4 1-0

[Event "January 9 Late 2024"]
[Site "https://www.chess.com"]
[Date "2024.01.09"]
[Round "7"]
[White "Al-Tarboush, Ward"]
[Black "Santos Latasa, Jaime"]
[Result "0-1"]
[Board "37"]
[TimeControl "180+1"]
[WhiteFideId "7601450"]
[BlackFideId "2293307"]
[WhiteElo "2628"]
[BlackElo "2881"]
[WhiteTeam "NOR"]
[BlackTeam "ESP"]
[WhiteClock "0:00:30"]
[BlackClock "0:01:35"]

1. e4 c5 2. Nf3 Nc6 3. d4 cxd4 4. Nxd4 Nf6 5. Nc3 h5 6. h3 e5 7. Ndb5 d6 8. Bg5 a6 9. Na3 Be7 10. Nc4 Be6 11. Bxf6 Bxf6 12. Nxd6+ Kf8 13. Nf5 Qb6 14. Qd6+ Kg8 15. O-O-O Rd8 16. Qa3 Qxf2 17. Rxd8+ Bxd8 18. Bd3 g6 19. Nd6 Be7 20. Nd5 Bxd5 21. exd5 Nd4 22. Rf1 Ne2+ 23. Bxe2 Qxe2 24. Rd1 Bg5+ 0-1

[Event "January 9 Late 2024"]
[Site "https://www.chess.com"]
[Date "2024.01.09"]
[Round "7"]
[White "Hamblok, Roel"]
[Black "Chan, Yi Ren Daniel"]
[Result "0-1"]
[Board "38"]
[TimeControl "180+1"]
[WhiteFideId "209317"]
[BlackFideId "5801583"]
[WhiteElo "2621"]
[BlackElo "2858"]
[WhiteTeam "BEL"]
[BlackTeam "SGP"]
[WhiteClock "0:00:00"]
[BlackClock "0:00:55"]

1. e4 c6 2. d4 d5 3. exd5 cxd5 4. Bd3 Nc6 5. Nf3 Nf6 6. Bf4 Bg4 7. c3 e6 8. Nbd2 Bd6 9. Bxd6 Qxd6 10. O-O O-O 11. Re1 Rfe8 12. h3 Bh5 13. Qb3 Nd7 14. a4 Rab8 15. a5 e5 16. dxe5 Ndxe5 17. Nxe5 Nxe5 18. Bb5 Re6 19. Nf1 a6 20. Ba4 Bg6 21. Rad1 Nd3 22. Rxe6 Qxe6 23. Ne3 Be4 24. Rxd3 Bxd3 25. Qxd5 Qxd5 26. Nxd5 Rd8 27. Ne3 g6 28. Bb3 Kg7 29. Bd5 Rd7 30. f4 Re7 31. Kf2 Be4 32. Bc4 Rd7 33. Ke2 f5 34. g3 h6 35. h4 Kf6 36. b4 Ke7 37. Nf1 Kd6 38. Nd2 Bc6 39. Bd3 Re7+ 40. Kf2 Bd5 41. c4 Bc6 42. c5+ Kd5 43. Be2 Kd4 44. Bf3 Kc3 45. Bxc6 Kxd2 0-1

[Event "January 9 Late 2024"]
[Site "https://www.chess.com"]
[Date "2024.01.09"]
[Round "7"]
[White "Durarbayli, Vasif"]
[Black "Zhu, Jiner"]
[Result "1-0"]
[Board "39"]
[TimeControl "180+1"]
[WhiteFideId "13402935"]
[BlackFideId "8608059"]
[WhiteElo "2854"]
[BlackElo "2620"]
[WhiteTeam "AZE"]
[BlackTeam "CHN"]
[WhiteClock "0:01:35"]
[BlackClock "0:01:55"]

1. c4 Nf6 2. Nc3 g6 3. g3 Bg7 4. Bg2 O-O 5. d4 d6 6. Nf3 Nc6 7. d5 Na5 8. Nd2 c5 9. Qc2 Bd7 10. b3 a6 11. Bb2 b5 12. O-O Rb8 13. Nd1 e5 14. dxe6 Bxe6 15. Ne3 Qc8 16. Ne4 Nxe4 17. Bxg7 Kxg7 18. Bxe4 Nc6 19. Bxc6 Qxc6 20. Rfd1 bxc4 21. bxc4 Rb4 22. Rd2 Rfb8 23. Rad1 R8b6 24. a3 Rb2 25. Qc3+ 1-0

[Event "January 9 Late 2024"]
[Site "https://www.chess.com"]
[Date "2024.01.09"]
[Round "7"]
[White "Pinheiro, Iung Alicio de O."]
[Black "Remizov, Yaroslav"]
[Result "0-1"]
[Board "40"]
[TimeControl "180+1"]
[WhiteFideId "2104350"]
[BlackFideId "34134015"]
[WhiteElo "2614"]
[BlackElo "2848"]
[WhiteTeam "BRA"]
[BlackTeam "RUS"]
[WhiteClock "0:00:00"]
[BlackClock "0:00:10"]

1. d4 d5 2. Nf3 Nf6 3. e3 g6 4. c4 Bg7 5. Nc3 O-O 6. cxd5 Nxd5 7. Bc4 Nb6 8. Bb3 N8d7 9. e4 c5 10. d5 c4 11. Bc2 Nc5 12. O-O Bg4 13. h3 Bxf3 14. Qxf3 Rc8 15. Bg5 Nbd7 16. Qg3 Qb6 17. Rab1 Rfe8 18. Be3 Qa5 19. Bd2 b5 20. a3 Qb6 21. Be3 a6 22. f4 Qb8 23. e5 a5 24. a4 bxa4 25. Nxa4 Red8 26. e6 fxe6 27. dxe6 Nxe6 28. Rbe1 Ndf8 29. Qg4 Nd4 30. Be4 e6 31. Kh1 Nf5 32. Bf2 Qb3 33. Nb6 Rb8 34. Qe2 Rxb6 35. g4 Qxh3+ 36. Kg1 Ng3 37. Qf3 Rb3 38. Re3 Qxf1+ 39. Kh2 Rxe3 40. Qxe3 Nxe4 0-1

[Event "January 9 Late 2024"]
[Site "https://www.chess.com"]
[Date "2024.01.09"]
[Round "7"]
[White "Espinoza Villanueva, Rodrigo"]
[Black "Pichot, Alan"]
[Result "0-1"]
[Board "41"]
[TimeControl "180+1"]
[WhiteFideId "5140188"]
[BlackFideId "110973"]
[WhiteElo "2603"]
[BlackElo "2843"]
[WhiteTeam "MEX"]
[BlackTeam "ESP"]
[WhiteClock "0:00:17"]
[BlackClock "0:01:23"]

1. Nf3 c5 2. g3 Nc6 3. Bg2 g6 4. O-O Bg7 5. d3 e5 6. c4 Nge7 7. Nc3 d6 8. Rb1 h6 9. a3 a5 10. Nb5 O-O 11. Bd2 f5 12. Ne1 Be6 13. Nc2 d5 14. cxd5 Nxd5 15. Ne3 Nb6 16. Bc3 Qd7 17. Qc2 Nd4 18. Bxd4 cxd4 19. Qc5 Na4 20. Qd6 dxe3 21. fxe3 Rfd8 22. Qxd7 Rxd7 23. Rfc1 Ba2 24. Ra1 Bb3 25. e4 f4 26. Bh3 Re7 27. Rab1 h5 28. Nc7 Rd8 29. Nd5 Bxd5 30. exd5 Rxd5 31. Rc4 b5 32. Rc8+ Kh7 33. b3 Nc5 34. b4 axb4 35. Rxb4 Ne6 36. Bg2 Rd6 37. Rxb5 Nd4 38. Rbb8 Nxe2+ 39. Kf2 Nc1 40. Rxc1 Rxd3 41. Be4 Rd4 42. Kf3 fxg3 43. hxg3 Rf7+ 0-1

[Event "January 9 Late 2024"]
[Site "https://www.chess.com"]
[Date "2024.01.09"]
[Round "7"]
[White "Baltag, Iulian"]
[Black "Maksimovic, Bojan"]
[Result "0-1"]
[Board "42"]
[TimeControl "180+1"]
[WhiteFideId "13901419"]
[BlackFideId "14408120"]
[WhiteElo "2603"]
[BlackElo "2842"]
[WhiteTeam "MDA"]
[BlackTeam "BIH"]
[WhiteClock "0:00:00"]
[BlackClock "0:01:04"]

1. e4 a6 2. d4 e6 3. Bd3 d5 4. e5 c5 5. c3 Bd7 6. Nf3 cxd4 7. cxd4 Bb5 8. Bxb5+ axb5 9. O-O Nc6 10. Qe2 Qb6 11. Be3 Nge7 12. Nbd2 Nf5 13. Nb3 Be7 14. g4 Nxe3 15. fxe3 O-O 16. h4 Ra4 17. g5 Na5 18. Nc1 Rc4 19. Nd3 Rfc8 20. b3 Rc2 21. Qe1 R8c3 22. Nf4 Nc6 23. h5 g6 24. Rf2 Rxf2 25. Qxf2 Qd8 26. Ne2 Rc2 27. Ne1 Rb2 28. hxg6 hxg6 29. Nd3 Rd2 30. Qe1 Rxd3 31. Nf4 Nb4 32. Nxd3 Nxd3 33. Qd2 Nb4 34. Qe2 Bxg5 35. Kg2 Qc7 36. a3 Nc2 37. Rc1 Nxe3+ 38. Qxe3 Qxc1 0-1

[Event "January 9 Late 2024"]
[Site "https://www.chess.com"]
[Date "2024.01.09"]
[Round "7"]
[White "Mikaelyan, Arman"]
[Black "Sowa, Ryan"]
[Result "1-0"]
[Board "43"]
[TimeControl "180+1"]
[WhiteFideId "13304852"]
[BlackFideId "30901693"]
[WhiteElo "2838"]
[BlackElo "2596"]
[WhiteTeam "ARM"]
[BlackTeam "USA"]
[WhiteClock "0:00:23"]
[BlackClock "0:02:08"]

1. d4 b6 2. e4 Bb7 3. Bd3 e6 4. Ne2 c5 5. c3 Nf6 6. e5 Nd5 7. O-O cxd4 8. cxd4 d6 9. Nbc3 Nxc3 10. Nxc3 dxe5 11. dxe5 Be7 12. Be3 O-O 13. Qc2 g6 14. Rfd1 Qc7 15. Nd5 Qd8 16. Nc7 Nd7 17. Nxa8 Qxa8 18. Bxg6 hxg6 19. Rxd7 Bxg2 20. Rxe7 Bh1 21. f3 Qxf3 22. Qf2 Qg4+ 23. Kxh1 Qe4+ 24. Kg1 Qg4+ 25. Qg2 Qh4 26. Rd7 1-0

[Event "January 9 Late 2024"]
[Site "https://www.chess.com"]
[Date "2024.01.09"]
[Round "7"]
[White "Bryakin, Mikhail"]
[Black "Taboas Rodriguez, Daniel"]
[Result "1-0"]
[Board "44"]
[TimeControl "180+1"]
[WhiteFideId "4165314"]
[BlackFideId "2208466"]
[WhiteElo "2835"]
[BlackElo "2589"]
[WhiteTeam "SRB"]
[BlackTeam "ESP"]
[WhiteClock "0:00:51"]
[BlackClock "0:00:20"]

1. e4 e5 2. Nf3 Nc6 3. Bb5 Nf6 4. O-O Nxe4 5. d4 Nd6 6. Bxc6 dxc6 7. dxe5 Nf5 8. Qxd8+ Kxd8 9. Rd1+ Ke8 10. h3 Be7 11. Nc3 Nh4 12. Nxh4 Bxh4 13. g4 h5 14. f3 hxg4 15. hxg4 Bg3 16. Kg2 Bh4 17. Bf4 Be6 18. Bg3 Be7 19. Ne2 Rd8 20. Rxd8+ Kxd8 21. b3 c5 22. c4 g5 23. Nc3 c6 24. Ne4 Kc7 25. Bf2 b6 26. Be3 Rg8 27. Rh1 Rd8 28. Bxg5 Bxg5 29. Nxg5 Rd2+ 30. Kg3 Rxa2 31. Nxf7 b5 32. Rh7 Kb6 33. Nd6 Rb2 34. Re7 Bg8 35. Re8 Bh7 36. e6 Rxb3 37. e7 Re3 38. Ne4 Bxe4 39. Rb8+ Ka5 40. e8=Q 1-0

[Event "January 9 Late 2024"]
[Site "https://www.chess.com"]
[Date "2024.01.09"]
[Round "7"]
[White "Lobanov, Sergei"]
[Black "Rogov, Matfey"]
[Result "1-0"]
[Board "45"]
[TimeControl "180+1"]
[WhiteFideId "24183750"]
[BlackFideId "44191308"]
[WhiteElo "2834"]
[BlackElo "2586"]
[WhiteTeam "FID"]
[BlackTeam "RUS"]
[WhiteClock "0:00:13"]
[BlackClock "0:00:02"]

1. c4 e5 2. g3 Nf6 3. Bg2 c6 4. Nf3 e4 5. Nd4 Qb6 6. Nb3 a5 7. d3 a4 8. N3d2 Bc5 9. O-O Bxf2+ 10. Kh1 e3 11. Ne4 Nxe4 12. Bxe4 d5 13. cxd5 cxd5 14. Bxd5 Be6 15. Bf3 h5 16. Nc3 f5 17. d4 h4 18. Kg2 hxg3 19. hxg3 Qd6 20. Rxf2 exf2 21. Bf4 Qe7 22. Nb5 O-O 23. Bd6 Qf7 24. Nc7 Nd7 25. Nxa8 Rxa8 26. d5 f1=Q+ 27. Kxf1 Qg6 28. dxe6 Nf6 29. e7 Ne4 30. Qd5+ Kh7 31. Bxe4 fxe4 32. Kg2 Qg4 33. Rh1+ Kg6 34. Rf1 Qxe2+ 35. Rf2 Qg4 36. Qf7+ Kh6 37. Rf4 Qe2+ 38. Kh3 g5 39. Rf6# 1-0

[Event "January 9 Late 2024"]
[Site "https://www.chess.com"]
[Date "2024.01.09"]
[Round "7"]
[White "Lagarde, Maxime"]
[Black "Tulchynskyi, Feliks"]
[Result "1-0"]
[Board "46"]
[TimeControl "180+1"]
[WhiteFideId "662399"]
[BlackFideId "34127895"]
[WhiteElo "2833"]
[BlackElo "2579"]
[WhiteTeam "FRA"]
[BlackTeam "UKR"]
[WhiteClock "0:01:21"]
[BlackClock "0:00:17"]

1. d4 Nf6 2. Nf3 d5 3. Bf4 Bf5 4. c4 dxc4 5. Nc3 c6 6. Nh4 Bg6 7. Nxg6 hxg6 8. e4 b5 9. a3 e6 10. Be2 a6 11. O-O Nbd7 12. Bf3 Be7 13. Re1 O-O 14. h4 Nb6 15. g4 c5 16. g5 Nh5 17. Bxh5 gxh5 18. d5 exd5 19. Nxd5 Nxd5 20. Qxd5 Re8 21. Rad1 Qxd5 22. exd5 Bf8 23. Rxe8 Rxe8 24. d6 Re2 25. d7 Be7 26. g6 Bd8 27. Bc7 Rxb2 28. Bxd8 c3 29. Bf6 fxg6 30. d8=Q+ Kh7 31. Qe7 1-0

[Event "January 9 Late 2024"]
[Site "https://www.chess.com"]
[Date "2024.01.09"]
[Round "7"]
[White "Velikanov, Alexander"]
[Black "Van Dael, Siem"]
[Result "1-0"]
[Board "47"]
[TimeControl "180+1"]
[WhiteFideId "2039290"]
[BlackFideId "1049771"]
[WhiteElo "2802"]
[BlackElo "2569"]
[WhiteTeam "USA"]
[BlackTeam "NED"]
[WhiteClock "0:00:19"]
[BlackClock "0:00:00"]

1. e4 c5 2. Nf3 d6 3. b4 b6 4. Bc4 e6 5. O-O Bb7 6. d4 cxd4 7. Qxd4 Nc6 8. Qb2 Nf6 9. e5 dxe5 10. Nxe5 Nxe5 11. Qxe5 Bd6 12. Bb5+ Ke7 13. Qg5 h6 14. Qh4 g5 15. Qh3 Rc8 16. Bb2 Rxc2 17. Qb3 Qc7 18. Nc3 Bxh2+ 19. Kh1 Rxb2 20. Qxb2 Be5 21. Rac1 Qb8 22. Rfe1 Rc8 23. Nd5+ Bxd5 24. Rxc8 Qxc8 25. Qxe5 Qb7 26. Bf1 Ng4 27. Qd4 h5 28. Kg1 Qc7 29. g3 Nf6 30. Bg2 Bxg2 31. Kxg2 Qc6+ 32. Kg1 h4 33. gxh4 gxh4 34. Rd1 Qd5 35. Qxd5 Nxd5 36. Rd4 Kd6 37. Rxh4 Nc3 38. a3 Nb1 39. a4 Nc3 40. a5 bxa5 41. bxa5 f5 42. Rh7 a6 43. Ra7 Nd5 44. Rxa6+ Kd7 45. Ra8 Nc7 46. Rb8 Kc6 47. Rb6+ Kc5 48. Rb7 Kc6 49. Rb6+ Kc5 50. Kg2 e5 51. Kf3 e4+ 52. Ke2 Nd5 53. Rb8 f4 54. a6 f3+ 55. Ke1 Nf4 56. a7 Nd3+ 57. Kf1 Kd4 58. a8=Q 1-0